 Dungeon Crawl Stone Soup version 0.28-a0-691-gad6df49e81 (webtiles) character file.

Game seed: 1693019415091075582

137 mordus the Shield-Bearer (level 5, -6/41 HPs)
             Began as a Formicid Fighter on Oct 21, 2021.
             Mangled by an orc warrior (11 damage)
             ... on level 3 of the Dungeon.
             The game lasted 00:02:18 (3086 turns).

mordus the Shield-Bearer (Formicid Fighter)         Turns: 3086, Time: 00:02:19

Health: -6/41      AC:  8    Str: 22    XL:     5   Next: 44%
Magic:  5/5        EV:  9    Int:  7    God:
Gold:   70         SH:  4    Dex: 10    Spells: 4/4 levels left

rFire   . . .      SeeInvis +   a - +0 flail
rCold   . . .      Faith    .   c - +0 buckler
rNeg    . . .      Spirit   .   b - +0 scale mail
rPois   .          Reflect  .   (helmet unavailable)
rElec   .          Harm     .   (no cloak)
rCorr   .          Rampage  .   n - +0 pair of gloves
Will    .....                   (no boots)
Stlth   ..........              (no amulet)
HPRegen 0.13/turn               (no ring)
MPRegen 0.09/turn               (no ring)

@: no status effects
A: permanent stasis, dig shafts and tunnels, antennae 3, four strong arms
a: Dig, Shaft Self


You were on level 3 of the Dungeon.
You visited 1 branch of the dungeon, and saw 3 of its levels.

You collected 70 gold pieces.

Inventory:

Hand Weapons
 a - a +0 flail (weapon)
Armour
 b - a +0 scale mail (worn)
 c - a +0 buckler (worn)
 n - a +0 pair of gloves (worn)
Jewellery
 r - a ring of magical power
Wands
 o - a wand of iceblast (7)
Scrolls
 e - a scroll of fear {unknown}
 j - a scroll of holy word {unknown}
 l - a scroll of blinking {unknown}
 q - a scroll of identify {unknown}
Potions
 d - a potion of might
 f - a potion of degeneration {unknown}
 g - a potion of cancellation {unknown}
 h - a potion of flight {unknown}
 i - 2 potions of lignification {unknown}
 k - a potion of curing {unknown}
 m - a potion of berserk rage {unknown}
 p - a potion of attraction {unknown}


   Skills:
 - Level 3.2 Fighting
 * Level 3.9 Maces & Flails
 + Level 4.2 Armour
 + Level 4.6 Shields


You had 4 spell levels left.
You didn't know any spells.
Your spell library contained the following spells:

 Spells                   Type           Power      Damage    Failure   Level
 Apportation              Tloc           0%         N/A       75%         1
 Magic Dart               Conj           0%         1d3       75%         1
 Call Imp                 Summ           0%         N/A       87%         2
 Mephitic Cloud           Conj/Pois/Air  0%         N/A       98%         3
 Alistair's Intoxication  Tmut/Pois      0%         N/A       100%        5
 Invisibility             Hex            0%         N/A       100%        6


Dungeon Overview and Level Annotations

Branches:
Dungeon (3/15)

Altars:
Nemelex Xobeh

Shops:
D:1 :


Innate Abilities, Weirdness & Mutations

You cannot be hasted, slowed, berserked, paralysed or teleported.
You can dig through walls and to a lower floor.
You have a pair of large antennae on your head. (SInv)
Your four strong arms can wield two-handed weapons with a shield.


Message History

An orc is nearby!
An orc warrior comes into view. It is wielding a +0 hand axe.
You closely miss the orc.
The orc warrior shouts!
The orc hits you with a +0 whip.
An orc comes into view. It is wielding a +0 club.
There are monsters nearby!
You thump the orc!
You kill the orc!
A rat comes into view.
You see here a +0 whip.
You barely miss the orc warrior. The orc warrior barely misses you.
You extend your mandibles.
You dig through the rock wall.
The orc warrior hits you but does no damage.
You dig through the rock wall.
You dig through the rock wall.
You dig through the rock wall.
You retract your mandibles.
You completely miss the orc warrior.
The orc warrior hits you with a +0 hand axe!
Your scale mail prevents you from hitting the orc warrior.
The orc warrior hits you with a +0 hand axe!
You are too injured to fight recklessly!
You are too injured to fight recklessly!
You closely miss the orc warrior.
The orc warrior hits you but does no damage. x2
You sock the orc warrior!
The orc warrior is heavily wounded.
The orc warrior hits you with a +0 hand axe.
You barely miss the orc warrior.
The orc warrior is heavily wounded.
The orc warrior hits you with a +0 hand axe!
* * * LOW HITPOINT WARNING * * *
You hit the orc warrior.
The orc warrior is heavily wounded.
You block the orc warrior's attack.
You hit the orc warrior.
The orc warrior is severely wounded.
The orc warrior hits you with a +0 hand axe!
You die...

#### ##o@#
##o##################
##########r##................#
..........r.............####.#
##.>..........####.##.#.# #.#
........)...### #.##)#.# #.#
.# ###.######.#######.##.#.#
#.# >#.# # #.##......##.#.#
#.# .... .###.##.#######.#.#
#.#


You could see an orc warrior, an orc and a rat.

Vanquished Creatures
  Ijyb (D:3)
  4 adders
  2 worms
  A dart slug (D:2)
  2 orcs (D:3)
  5 ball pythons
  3 endoplasms
  6 giant cockroaches
  2 goblins
  9 hobgoblins
  4 jackals (D:1)
  3 quokkas
  7 bats
  A frilled lizard (D:1)
  7 kobolds
  4 rats
61 creatures vanquished.

Notes
Turn   | Place    | Note
-------+----------+-------------------------------------------
     0 | D:1      | mordus the Formicid Fighter began the quest for the Orb.
     0 | D:1      | Reached XP level 1. HP: 18/18 MP: 1/1
   130 | D:1      | Reached XP level 2. HP: 24/24 MP: 2/2
   147 | D:1      | Found Irasos's Book Emporium.
   227 | D:1      | Found a faded altar of an unknown god.
   552 | D:1      | Reached XP level 3. HP: 29/29 MP: 3/3
  1210 | D:2      | Reached XP level 4. HP: 19/35 MP: 4/4
  2457 | D:3      | Reached XP level 5. HP: 40/41 MP: 5/5
  2534 | D:3      | Noticed Ijyb
  2558 | D:3      | Killed Ijyb
  2948 | D:3      | Found a sparkling altar of Nemelex Xobeh.
  3068 | D:3      | Noticed an orc warrior
  3086 | D:3      | Mangled by an orc warrior

Illustrated notes

Levels and vault maps discovered:
D:1:      lightli_arrival_boilingwater, layout_loops_cross,
          basic_ecumenical_altar, serial_shops, nicolae_shop_crystal
D:2:      layout_loops_corners
D:3:      layout_loops_ring, nemelex_diamond_rough_becter, hangedman_decor_push,
          mrwooster_statue_mirror, uniq_ijyb

Skill      XL: |  1  2  3  4 |
---------------+-------------+-----
Shields        | 4 |  4.6
Maces & Flails | 3 |  3.9
Armour         | 4 |  4.2
Fighting       | |  3.2

Action                   |  1- 3 |  4- 6 || total
-------------------------+-------+-------++-------
Melee: Flail             |    93 |   132 ||   225
 Abil: Dig               |       |     1 ||     1
Armor: Scale mail        |    64 |    40 ||   104
Dodge: Dodged            |    60 |    47 ||   107
Block: Buckler           |    26 |    32 ||    58

Table legend: (Time is in decaauts)
 A = Elapsed time spent in this place.
 B = Non-inter-level travel time spent in this place.
 C = Inter-level travel time spent in this place.
 D = Time resting spent in this place.
 E = Time spent auto-exploring this place.
 F = Levels seen in this place.
 G = Mean time per level.
                   A        B        C        D        E       F      G
               +--------+--------+--------+--------+--------+-----+--------+
         Total |   3143 |   3065 |     78 |    548 |   2000 |   3 | 1047.7 |
       Dungeon |   3143 |   3065 |     78 |    548 |   2000 |   3 | 1047.7 |
               +--------+--------+--------+--------+--------+-----+--------+

Top non-repeatable levels by time:
     D:2: 1408 daAuts
     D:1: 967 daAuts
     D:3: 768 daAuts
